 Dungeon Crawl Stone Soup version 0.30-a0-737-gf23d94013f (webtiles) character file.

Game seed: 11093846205779115182

90 elagabalus the Cudgeller (level 4, 40/40 HPs)
             Began as an Armataur Monk on Jan 29, 2023.
             Quit the game on level 3 of the Dungeon on Feb 1, 2023.
             The game lasted 00:15:32 (1572 turns).

elagabalus the Cudgeller (Armataur Monk)            Turns: 1572, Time: 00:15:33

Health: 40/40      AC:  8    Str: 18    XL:     4   Next: 32%
Magic:  4/4        EV:  5    Int: 10    God:
Gold:   178        SH:  0    Dex: 13    Spells: 3/3 levels left

rFire   + . .      SeeInvis .    a - +0 mace
rCold   . . .      Faith    .    (no shield)
rNeg    . . .      Spirit   .    o - +1 chain mail {rC+}
rPois   .          Reflect  .    (no helmet)
rElec   .          Harm     .    (no cloak)
rCorr   .          Roll     +    (no gloves)
Will    .....                    (no barding) Stlth
                                 (no amulet)
HPRegen 0.26/turn                m - ring of fire
MPRegen 0.09/turn                (no ring)

@: no status effects
A: large, rugged brown scales 3, deformed body, armoured tail, roll, long
tongue, awkward tongue
a: no special abilities


You were on level 3 of the Dungeon.
You visited 1 branch of the dungeon, and saw 3 of its levels.

You collected 178 gold pieces.

Inventory:

Hand Weapons
 a - a +0 mace (weapon)
 b - a +0 whip
Armour
 o - a +1 chain mail of cold resistance (worn)
Jewellery
 m - a ring of fire (left hand)
Scrolls
 g - a scroll of teleportation
 k - a scroll of torment
Potions
 c - a potion of ambrosia
 d - 2 potions of curing
 e - a potion of attraction {unknown}
 f - a potion of magic {unknown}
 h - a potion of berserk rage {unknown}


   Skills:
 - Level 3.0 Fighting
 + Level 4.2 Maces & Flails
 * Level 1.8 Armour
 - Level 2.1 Dodging
 - Level 2.1 Stealth


You had 3 spell levels left.
You didn't know any spells.
Your spell library contained the following spells:

 Spells                   Type           Power      Damage    Failure   Level
 Magic Dart               Conj           0%         1d3       99%         1
 Sandblast                Erth           0%         2d4       99%         1
 Slow                     Hex            0%         N/A       99%         1
 Passwall                 Tmut/Erth      0%         N/A       100%        2
 Searing Ray              Conj           0%         2d4       100%        2
 Confusing Touch          Hex            0%         N/A       100%        3
 Stone Arrow              Conj/Erth      0%         3d7       100%        3
 Vampiric Draining        Necr           0%         2d6       100%        3
 Fulminant Prism          Conj/Hex       0%         3d5       100%        4


Dungeon Overview and Level Annotations

Branches:
Dungeon (3/15)

Altars:


Innate Abilities, Weirdness & Mutations

You are completely covered in rugged brown scales. (AC +3, +7% HP)
Armour fits poorly on your strangely shaped body.
You have a long armoured tail.
You roll when moving toward enemies. (Rampage)
Your long tongue fully drains potion bottles. (2x potion effects)
Your tongue gives you trouble enunciating. (1.5x scroll delay)


Message History

The ball python bites you but does no damage.
You hit the ball python.
You kill the ball python!
The frilled lizard bites you.
The frilled lizard bites you but does no damage.
You see here a ball python corpse.
You hit the frilled lizard.
You kill the frilled lizard!
A goblin comes into view. It is wielding a +0 club.
The goblin shouts!
Found a stone staircase leading down.
A goblin is nearby!
A jackal comes into view.
The jackal barks!
A jackal comes into view.
You roll towards the goblin!
The jackal barks!
You hit the goblin.
You kill the goblin!
You closely miss the jackal.
The jackal bites you but does no damage. x2
A jackal comes into view.
The jackal barks!
You hit the jackal.
The jackal is almost dead.
The jackal barely misses you.
The jackal bites you but does no damage.
You hit the jackal.
You kill the jackal!
You closely miss the jackal. You tail-slap the jackal.
You kill the jackal!
You hit the jackal.
The jackal is almost dead.
The jackal bites you but does no damage. x2
You hit the jackal.
You kill the jackal!
Saving game... please wait.
Welcome back, elagabalus the Armataur Monk.
Press ? for a list of commands and other information.
Are you sure you want to abandon this character and quit the game? (Confirm with "yes".)

#########
........##########
.................#
.......†@##......########
...#.#.#)#...............
..........#......########
#.##.#.#.##......# .
#.......#...††.#
##>#.#.##......#
..g....#......# ##.#
#.##......# .. ...######


There were no monsters in sight!

Vanquished Creatures
  2 adders (D:2)
  2 dart slugs
  An orc (D:3)
  5 ball pythons
  2 endoplasms
  3 giant cockroaches
  4 goblins
  10 hobgoblins
  6 jackals
  2 quokkas
  7 bats
  7 frilled lizards
  6 kobolds
  5 rats
62 creatures vanquished.

Notes
Turn   | Place    | Note
-------+----------+-------------------------------------------
     0 | D:1      | elagabalus the Armataur Monk began the quest for the Orb.
     0 | D:1      | Reached XP level 1. HP: 19/19 MP: 1/1
   211 | D:1      | Reached skill level 3 in Maces & Flails
   211 | D:1      | Reached XP level 2. HP: 27/27 MP: 2/2
   726 | D:2      | Reached XP level 3. HP: 33/33 MP: 3/3
   852 | D:2      | Reached skill level 1 in Armour
   871 | D:2      | Reached skill level 4 in Maces & Flails
  1023 | D:2      | Reached XP level 4. HP: 40/40 MP: 4/4
  1572 | D:3      | Upgraded the game from 0.30-a0-726-gd89dcf765f to
                  | 0.30-a0-737-gf23d94013f
  1572 | D:3      | Quit the game

Illustrated notes

Levels and vault maps discovered:
D:1:      lightli_arrival_flooded_house, layout_loops_ring
D:2:      minmay_razor_zed, layout_basic
D:3:      layout_basic, grunt_temple_overflow_open, kennysheep_donut,
          st_stairs_12, chequers_hall_statues_y

Skill      XL: |  1  2  3 |
---------------+----------+-----
Fighting       | 3 |  3.0
Maces & Flails | 3 4 |  4.2
Armour         | 1 |  1.8
Dodging        | |  2.1
Stealth        | |  2.1

Action                     |  1- 3 |  4- 6 || total
---------------------------+-------+-------++-------
  Melee: Mace              |   125 |    42 ||   167
         Tailslap          |    13 |     6 ||    19
         Whip              |     5 |       ||     5
         Punch             |       |     1 ||     1
    Use: Scroll            |     2 |     5 ||     7
   Stab: Sleeping          |     5 |       ||     5
 Armour: Robe              |    19 |       ||    19
         Chain mail        |    67 |    39 ||   106
  Dodge: Dodged            |    36 |    16 ||    52

Table legend: (Time is in decaauts)
 A = Elapsed time spent in this place.
 B = Non-inter-level travel time spent in this place.
 C = Inter-level travel time spent in this place.
 D = Time resting spent in this place.
 E = Time spent auto-exploring this place.
 F = Levels seen in this place.
 G = Mean time per level.
                   A        B        C        D        E       F      G
               +--------+--------+--------+--------+--------+-----+--------+
         Total |   1609 |    566 |   1043 |      0 |     37 |   3 |  536.3 |
       Dungeon |   1609 |    566 |   1043 |      0 |     37 |   3 |  536.3 |
               +--------+--------+--------+--------+--------+-----+--------+

Top non-repeatable levels by time:
     D:2: 906 daAuts
     D:1: 576 daAuts
     D:3: 126 daAuts
